 Dungeon Sprint DCSS version 0.21.1-1-g345015f (webtiles) character file.

3252 Mesmaeker13 the Protected (level 9, 0/93 HPs)
             Began as a Minotaur Fighter on Apr 13, 2018.
             Was a Priest of Trog.
             Succumbed to Sonja's curare-tipped needle
             ... in the Dungeon (Sprint I: "Red Sonja").
             The game lasted 00:02:54 (1370 turns).

Mesmaeker13 the Protected (Minotaur Fighter)        Turns: 1370, Time: 00:02:55

Health: 0/93       AC:  9    Str: 22    XL:     9   Next: 67%
Magic:  8/8        EV:  9    Int: 10    God:    Trog [***...]
Gold:   598        SH: 13    Dex: 12    Spells: 8/8 levels left

rFire    . . .     SeeInvis .   a - +0 flail
rCold    + . .     Gourm    .   c - +0 shield
rNeg     . . .     Faith    .   b - +0 scale mail
rPois    .         Spirit   .   (helmet restricted)
rElec    .         Reflect  .   (no cloak)
rCorr    .         Harm     .   (no gloves)
MR       ++...     NoTele   +   (no boots)
Stlth    ..........             (no amulet)
HPRegen  1.25/turn              m - ring of protection from cold
MPRegen  0.11/turn              (no ring)

@: brilliant, lethally poisoned (0 -> -22), regenerating, hasted and slowed
A: retaliatory headbutt, horns 2
a: Berserk, Trog's Hand, Burn Spellbooks, Renounce Religion


You were in the Dungeon.
You worshipped Trog.
Trog was most pleased with you.
You were hungry.

You visited 1 branch You collected 598 gold pieces.

Inventory:

Hand Weapons
 a - a +0 flail (weapon)
Armour
 b - a +0 scale mail (worn)
 c - a +0 shield (worn)
Jewellery
 m - a ring of protection from cold (left hand)
Scrolls
 d - a scroll of fog {unknown}
 k - a scroll of blinking
 l - a scroll of brand weapon {unknown}
Potions
 e - a potion of brilliance
 i - 2 potions of magic
Comestibles
 f - a ration
 g - 5 chunks of flesh


   Skills:
 + Level 13.5 Fighting
 + Level 13.3 Maces & Flails
 + Level 13.5 Armour
 + Level 13.5 Shields


You had 8 spell levels left.
You didn't know any spells.

Dungeon Overview and Level Annotations

Branches:
Dungeon (1/1)

Altars:
Cheibriados
Dithmenos
Elyvilon
Fedhas
Gozag
Hepliaklqana
Kikubaaqudgha
Makhleb
Nemelex Xobeh
Okawaru
Qazlal
Ru
Sif Muna
Trog
Uskayaw
Vehumet
Wu Jian
Xom
Yredelemnul
Zin
The Shining One
Jiyva
Lugonu

Shops:
D }

Annotations:
D Sonja


Innate Abilities, Weirdness & Mutations

You reflexively headbutt those who attack you in melee.
You have a pair of horns on your head.


Message History

Sonja zaps a wand.
You resist with almost no effort.
You see here a curare-tipped needle.
Okay, then.
* * * LOW HITPOINT WARNING * * *
You feel very sick.
Sonja zaps a wand.
You resist with almost no effort.
There is an open door, spattered with blood here.
You see here a +0 troll leather armour.
* * * LOW HITPOINT WARNING * * *
You feel very sick.
You see here 17 stones.
* * * LOW HITPOINT WARNING * * *
You feel very sick.
* * * LOW HITPOINT WARNING * * *
You feel very sick.
* * * LOW HITPOINT WARNING * * *
You feel very sick.
Sonja gestures wildly while chanting.
Sonja blinks!
You die...

..').#..').#..'^.'.)#...#
..#####'#####'#__####...+
..####..#...#.####.§#####
..#__####..##.#)≈§§§#§§#
..#_____##'#_(§§§≈§.§..#
⌠⌠#_.∩...'..._#§§§§.#§.#
###_..__##_.#'##§#####+#
#_____###+#)#(§§§#
#########.####@###
+$K$'..(((+ #$.$#######
##. #


You could see Sonja.

Vanquished Creatures
  2 centaur warriors (D)
  A deep troll (D)
  2 kobold demonologists (D)
  A hornet (D)
  A slime creature (D)
  Sigmund (D)
  A yak (D)
  A floating eye (D)
  An ogre (D)
  A jelly (D)
  Ijyb (D)
13 creatures vanquished.

Notes
Turn   | Place    | Note
-------+----------+-------------------------------------------
     0 | D        | Mesmaeker13 the Minotaur Fighter began the quest for the Orb.
     0 | D        | Reached XP level 1. HP: 19/19 MP: 0/0
     1 | D        | Noticed Ijyb
    29 | D        | Killed Ijyb
    29 | D        | Reached skill level 5 in Fighting
    29 | D        | Reached skill level 5 in Armour
    29 | D        | Reached skill level 5 in Shields
    29 | D        | Reached XP level 2. HP: 23/29 MP: 1/1
    95 | D        | Noticed an ogre
   100 | D        | Killed an ogre
   100 | D        | Reached XP level 3. HP: 4/38 MP: 2/2
   100 | D        | Reached XP level 4. HP: 5/45 MP: 3/3
   415 | D        | Noticed Sigmund
   420 | D        | Killed Sigmund
   420 | D        | Reached XP level 5. HP: 53/53 MP: 4/4
   433 | D        | Found a deep blue altar of Sif Muna.
   434 | D        | Found an ornate altar of the Wu Jian Council.
   435 | D        | Found a radiant altar of Vehumet.
   438 | D        | Reached XP level 6. HP: 50/62 MP: 5/5
   525 | D        | Found Kiseniu's Gadget Emporium.
   525 | D        | Found an ancient bone altar of Kikubaaqudgha.
   525 | D        | Found a hazy altar of Hepliaklqana.
   525 | D        | Found a stormy altar of Qazlal.
   525 | D        | Found a hide-covered altar of Uskayaw.
   525 | D        | Found a blossoming altar of Fedhas.
   525 | D        | Found a bloodstained altar of Trog.
   525 | D        | Found an iron altar of Okawaru.
   525 | D        | Found a basalt altar of Yredelemnul.
   525 | D        | Found a glowing golden altar of the Shining One.
   525 | D        | Found a snail-covered altar of Cheibriados.
   525 | D        | Found a sacrificial altar of Ru.
   525 | D        | Found a glowing silver altar of Zin.
   525 | D        | Found a shadowy altar of Dithmenos.
   525 | D        | Found a white marble altar of Elyvilon.
   525 | D        | Noticed a yak
   531 | D        | Killed a yak
   532 | D        | Found an opulent altar of Gozag.
   533 | D        | Found a sparkling altar of Nemelex Xobeh.
   538 | D        | Became a worshipper of Trog the Wrathful
   625 | D        | Found a burning altar of Makhleb.
   625 | D        | Found a viscous altar of Jiyva.
   625 | D        | Found a shimmering altar of Xom.
   625 | D        | Found a corrupted altar of Lugonu.
   625 | D        | Noticed a slime creature
   636 | D        | Killed a slime creature
   636 | D        | Reached skill level 10 in Fighting
   636 | D        | Reached skill level 10 in Armour
   636 | D        | Reached skill level 10 in Shields
   636 | D        | Reached XP level 7. HP: 30/72 MP: 6/6
   838 | D        | Noticed a kobold demonologist
   839 | D        | Noticed a kobold demonologist
   839 | D        | Paralysed by a floating eye for 2 turns
   842 | D        | Reached skill level 10 in Maces & Flails
   847 | D        | Killed a kobold demonologist
   847 | D        | Reached * piety under Trog
   848 | D        | Noticed a hellwing
   850 | D        | Killed a kobold demonologist
   850 | D        | Reached ** piety under Trog
   850 | D        | Reached XP level 8. HP: 82/82 MP: 7/7
   902 | D        | Noticed a centaur warrior
   913 | D        | Noticed a centaur warrior
   927 | D        | Killed a centaur warrior
   931 | D        | Killed a centaur warrior
   931 | D        | Reached XP level 9. HP: 7/93 MP: 8/8
  1304 | D        | Noticed a deep troll
  1309 | D        | Killed a deep troll
  1309 | D        | Reached *** piety under Trog
  1348 | D        | Noticed Sonja
  1369 | D        | HP: 3/93 [poisoned by Sonja (curare-tipped needle)]
  1370 | D        | Succumbed to Sonja's curare-tipped needle

Skill      XL: |  1  2  3  4  5  6  7  8  9 |
---------------+----------------------------+-----
Fighting       | 5 6 8 10 11 13 | 13.5
Maces & Flails | 4 6 7 8 9 11 12 13 | 13.3
Armour         | 5 6 8 10 11 13 | 13.5
Shields        | 5 6 8 10 11 13 | 13.5

Action                   |  1- 3 |  4- 6 |  7- 9 || total
-------------------------+-------+-------+-------++-------
Melee: Flail             |    31 |    22 |    32 ||    85
       Headbutt          |     2 |     7 |     8 ||    17
Invok: Berserk           |       |       |     1 ||     1
       Trog's Hand       |       |       |     1 ||     1
  Use: Potion            |       |       |     6 ||     6
  Eat: Chunk             |       |       |     2 ||     2
Armor: Scale mail        |    14 |     1 |    26 ||    41
Dodge: Dodged            |     5 |     2 |    17 ||    24
Block: Shield            |     9 |     8 |    30 ||    47
